 Dungeon Crawl Stone Soup version 0.28.0-45-g0d030f2227 (webtiles) character file.

Game seed: 16457250176672361209

44774 Peloso the Fencer (level 13, -1/122 HPs)
             Began as a Minotaur Fighter on Mar 30, 2022.
             Slain by Donald
             ... wielding a +4 scimitar of venom
              (17 damage)
             ... on level 2 of the Orcish Mines.
             The game lasted 00:51:59 (26225 turns).

Peloso the Fencer (Minotaur Fighter)               Turns: 26225, Time: 00:52:00

Health: -1/122     AC: 25    Str: 30    XL:     13   Next: 98%
Magic:  12/12      EV: 10    Int:  5    God:
Gold:   1534       SH:  9    Dex: 12    Spells: 12/12 levels left

rFire   . . .      SeeInvis +   a - +4 falchion
rCold   . . .      Faith    .   c - +2 buckler
rNeg    . . .      Spirit   .   R - +3 chain mail
rPois   .          Reflect  .   v - +0 hat {SInv}
rElec   .          Harm     .   C - +0 cloak {Will+}
rCorr   .          Rampage  .   o - +0 pair of gloves
Will    +....                   s - +0 pair of boots
Stlth   ..........              (no amulet)
HPRegen 0.30/turn               e - +4 ring of protection
MPRegen 0.13/turn               g - +6 ring of strength

@: lethally poisoned (-1 -> -17)
A: horns 2, retaliatory headbutt, inability to read while threatened
a: no special abilities


You were on level 2 of the Orcish Mines.
You visited 3 branches of the dungeon, and saw 19 of its levels.
You also visited: Ossuary.

You collected 1534 gold pieces.

Inventory:

Hand Weapons
 a - a +4 falchion (weapon)
 b - a +2 whip of flaming
 D - the +8 mace of Valour {spect, rN+ Int+2 Dex+3 Stlth+}
   (You found it on level 3 of the Dungeon)

   When its wielder attacks, the weapon's spirit leaps out and strikes again.
   The spirit shares a part of any damage it takes with its wielder.
   Int:       It affects your intelligence (+2).
   Dex:       It affects your dexterity (+3).
   rN:        It protects you from negative energy.
   Stlth:     It makes you more stealthy.
Armour
 c - a +2 buckler (worn)
 o - a +0 pair of gloves (worn)
 s - a +0 pair of boots (worn)
 v - a +0 hat of see invisible (worn)
 C - a +0 cloak of willpower (worn)
 K - a +2 scale mail of fire resistance
 R - a +3 chain mail (worn)
Jewellery
 e - a +4 ring of protection (left hand)
 g - a +6 ring of strength (right hand)
 m - an amulet of the acrobat
 y - a +6 ring of intelligence
Wands
 k - a wand of flame (45)
 r - a wand of iceblast (5)
 u - a wand of charming (24)
 H - a wand of polymorph (9)
 M - a wand of acid (10)
 O - a wand of mindburst (3)
Scrolls
 i - 7 scrolls of teleportation
 q - 2 scrolls of identify
 t - 3 scrolls of enchant armour
 w - 2 scrolls of magic mapping
 x - 2 scrolls of immolation
 z - 4 scrolls of enchant weapon
 A - 2 scrolls of fog
 B - 4 scrolls of fear
 F - a scroll of amnesia
 L - 3 scrolls of noise
 N - a scroll of holy word
 P - 2 scrolls of silence
 Q - a scroll of blinking
Potions
 d - a potion of might
 h - 4 potions of mutation
 j - a potion of heal wounds
 l - a potion of ambrosia
 n - 7 potions of curing
 p - a potion of resistance
 E - 3 potions of invisibility
 I - a potion of cancellation
 J - 3 potions of flight
Miscellaneous
 G - a box of beasts


   Skills:
 + Level 13.5 Fighting
 + Level 16.0 Long Blades
 + Level 2.0 Maces & Flails
 + Level 15.4 Armour
 + Level 3.9 Dodging
 + Level 2.8 Stealth
 + Level 13.2 Shields
 + Level 1.6 Evocations


You had 12 spell levels left.
You didn't know any spells.
Your spell library contained the following spells:

 Spells                   Type           Power      Damage    Failure   Level
 Freeze                   Ice            0%         1d3       89%         1
 Sting                    Tmut/Pois      0%         1d3       89%         1
 Summon Small Mammal      Summ           0%         N/A       89%         1
 Poisonous Vapours        Pois/Air       0%         N/A       96%         2
 Call Canine Familiar     Summ           0%         N/A       99%         3
 Frozen Ramparts          Ice            0%         1d2       99%         3
 Gell's Gravitas          Tloc           0%         N/A       99%         3
 Ignite Poison            Fire/Tmut/Pois 0%         N/A       99%         3
 Mephitic Cloud           Conj/Pois/Air  0%         N/A       99%         3
 Summon Guardian Golem    Hex/Summ       0%         N/A       99%         3
 Teleport Other           Tloc           0%         N/A       99%         3
 Tukima's Dance           Hex            0%         N/A       99%         3
 Hailstorm                Conj/Ice       0%         3d3       100%        4
 Olgreb's Toxic Radiance  Pois           0%         N/A       100%        4
 Passage of Golubria      Tloc           0%         N/A       100%        4
 Freezing Cloud           Conj/Ice/Air   0%         6-21      100%        5
 Yara's Violent Unravell  Hex/Tmut       0%         3d3       100%        5
 Dispersal                Tloc           0%         N/A       100%        6


Dungeon Overview and Level Annotations

Branches:
Dungeon (13/15)            Temple (0/1) D:6            Lair (4/6) D:8
  Snake (0/4) Lair:4          Orc (2/2) D:9             Elf (0/3) Orc:2
Ossuary (visited)
  Swamp: Lair:2-4    Shoals: Lair:2-4    Vaults: D:13-14

Altars:
Ashenzari
Fedhas
Gozag
Makhleb
Ru
Uskayaw
Vehumet
Yredelemnul
The Shining One

Shops:
D:1 (   D:5 *(

Portals:
Abyss: D:7

Annotations:
D:11 2 transporters, dangdung's ghost, journeyman OpTm
D:12 Frances
Orc:2 Donald


Innate Abilities, Weirdness & Mutations

You have a pair of horns on your head.
You reflexively headbutt those who attack you in melee.
You sometimes lose the ability to read scrolls when taking damage.


Message History

Things that are here:
a +0 dagger; a +0 robe; 69 gold pieces Donald casts a spell.
Donald seems to grow stronger.
An ogre comes into view. It is wielding a +0 giant club.
Donald says, "I'll never be able to carry all this gold!
I hate that."
The ogre shouts!
Donald hits you with a +4 scimitar of venom!!
You are poisoned.
You feel extremely sick.
You feel extremely sick.
Donald says, "That colour you're wearing?
I hate that."
You feel very sick.
Donald says, "I hate the gods."
Donald says, "This is such a pointless quest."
Donald barely misses you.
You feel very sick.
Unknown command.
You feel very sick.
Donald says, "My hands hurt, too."
Donald hits you with a +4 scimitar of venom!
You feel threatened and lose the ability to read scrolls!
You are more poisoned.
Donald hits you with a +4 scimitar of venom!
You are more poisoned.
You feel extremely sick.
* * * LOW HITPOINT WARNING * * *
You feel extremely sick.
Donald says, "I'll never be able to carry all this gold!
I hate that."
Donald hits you with a +4 scimitar of venom.
* * * LOW HITPOINT WARNING * * *
Unknown command.
* * * LOW HITPOINT WARNING * * *
You feel very sick.
Donald says, "Orcs complain a lot, don't they?
I hate it."
You can read scrolls again.
* * * LOW HITPOINT WARNING * * *
You feel very sick.
Donald hits you with a +4 scimitar of venom!
You die...

##.).)...###.###... ##).#.###
### .... #))### ... #)).# .
.. #)).##.... #))......#
#......#.# ........... ###
#...........# #@#
#..........####@# .. ....
#o.#.....####.#.# $ #....
...#....## #..oo## .###.....
....#....# ##...o.###
......... #...
###.....O..###........
#..###.....................
##..##......................
##...##..##...#......).......


You could see Donald (fast, strong), an orc warrior, an ogre and 2 orcs.

Vanquished Creatures
  Gastronok (Lair:1)
  Josephine (D:9)
  Erolcha (D:9)
  2 hydras
  3 two-headed ogres
  3 death yaks (Lair:4)
  An orc high priest (Orc:2)
  Urug (D:12)
  The ghost of mistmaker the Gusty, a novice TeAE of Vehumet (D:7)
  Pikel (D:7)
  4 orc knights
  5 deep elf zephyrmancers
  5 deep elf pyromancers (D:11)
  An ugly thing (D:7)
  5 orc sorcerers
  A cyclops (D:8)
  Maurice (D:12)
  A black mamba (Lair:2)
  Maggie (D:7)
  2 gargoyles
  10 cane toads
  An unseen horror (D:12)
  A rime drake (Lair:4)
  4 komodo dragons
  A hellwing (D:7)
  5 trolls
  3 meliai (D:12)
  2 hornets (D:7)
  10 blink frogs
  2 wyverns
  5 wraiths
  40 yaks
  2 basilisks
  5 vampire mosquitoes
  2 nagas (Lair:4)
  A warg (Orc:1)
  15 water moccasins
  3 ogres
  25 orc warriors
  2 black bears
  A necrophage (D:6)
  3 wolves (Lair:4)
  7 centaurs
  3 phantoms
  A lemure (D:7)
  2 kobold brigands
  8 bullfrogs
  2 gnoll sergeants (D:7)
  5 scorpions
  2 small abominations (D:7)
  5 killer bees (D:9)
  3 howler monkeys (D:8)
  7 electric eels
  A lava snake (D:8)
  A bullfrog zombie (D:5)
  A centaur zombie (D:10)
  Crazy Yiuf (D:3)
  3 hounds (D:5)
  3 jellies
  21 orc priests
  25 orc wizards
  2 iguanas
  4 hell rats (Lair:4)
  A scorpion zombie (D:5)
  A killer bee zombie (D:8)
  A mummy (Ossuary)
  A hound skeleton (D:4)
  7 gnolls
  6 adders
  7 river rats (Lair:2)
  A shadow imp (D:5)
  2 white imps
  2 ufetubi
  An adder skeleton (D:4)
  4 worms
  2 dart slugs
  51 orcs
  4 bats
  15 endoplasms
  3 giant cockroaches
  9 goblins
  11 hobgoblins
  7 jackals
  4 quokkas
  9 ball pythons
  8 gnoll skeletons (Ossuary)
  16 kobolds
  4 kobold skeletons (Ossuary)
  13 orc skeletons (Ossuary)
  7 rats
488 creatures vanquished.

Vanquished Creatures (others)
  An orc wizard (Orc:2)
  2 bushes (Lair:4)
  22 fungi
  35 plants
60 creatures vanquished.

Grand Total: 548 creatures vanquished

Notes
Turn   | Place    | Note
-------+----------+-------------------------------------------
     0 | D:1      | Peloso the Minotaur Fighter began the quest for the Orb.
     0 | D:1      | Reached XP level 1. HP: 19/19 MP: 0/0
   223 | D:1      | Reached XP level 2. HP: 27/27 MP: 1/1
   601 | D:1      | Reached XP level 3. HP: 33/33 MP: 2/2
   610 | D:1      | Found Hechaitz's Antique Weapon Boutique.
   826 | D:1      | Reached skill level 1 in Dodging
  1312 | D:2      | Reached skill level 3 in Long Blades
  1330 | D:2      | Reached XP level 4. HP: 40/40 MP: 3/3
  2306 | D:3      | Found an opulent altar of Gozag.
  2306 | D:3      | Found a basalt altar of Yredelemnul.
  2307 | D:3      | Found a radiant altar of Vehumet.
  2619 | D:3      | Reached skill level 4 in Long Blades
  2641 | D:3      | Found a runed translucent door.
  2642 | D:3      | Noticed Crazy Yiuf
  2646 | D:3      | Identified the +5 mace of Terror {vorpal, Fragile rF+ rC+
                  | Dex+2}
  3190 | D:3      | Reached XP level 5. HP: 32/47 MP: 4/4
  3410 | D:4      | Reached XP level 6. HP: 36/53 MP: 5/5
  3601 | D:4      | Reached skill level 5 in Long Blades
  3643 | D:4      | Reached skill level 5 in Armour
  4035 | D:5      | Entered Level 5 of the Dungeon
  4249 | D:5      | Reached XP level 7. HP: 34/60 MP: 6/6
  4250 | D:5      | Reached skill level 5 in Fighting
  4416 | D:5      | Reached skill level 6 in Long Blades
  4561 | D:5      | Reached skill level 5 in Shields
  4707 | D:5      | Found Deczaw's Weapon Emporium.
  4876 | D:5      | Found Xuovikk's Serpentskin Sales.
  4892 | D:5      | Reached skill level 7 in Long Blades
  5423 | D:6      | Reached XP level 8. HP: 70/70 MP: 7/7
  5546 | D:6      | Reached skill level 8 in Long Blades
  5735 | D:6      | Found a sand-covered staircase.
  5742 | Ossuary  | Entered an ossuary
  6000 | Ossuary  | Reached skill level 9 in Long Blades
  6110 | D:6      | Found a staircase to the Ecumenical Temple.
  6376 | D:3      | Killed Crazy Yiuf
  6390 | D:3      | Identified the +8 mace of Valour {spect, rN+ Int+2 Dex+3
                  | Stlth+}
  6659 | D:7      | Noticed a hornet
  6661 | D:7      | Found a transporter.
  6662 | D:7      | Noticed a hellwing
  6677 | D:7      | Paralysed by a hornet for 3 turns
  6684 | D:7      | Killed a hornet
  6685 | D:7      | Reached XP level 9. HP: 20/78 MP: 8/8
  6954 | D:7      | Found a transporter.
  6963 | D:7      | Found a one-way gate to the infinite horrors of the Abyss.
  7002 | D:7      | Noticed a cyan ugly thing
  7006 | D:7      | Noticed Maggie
  7030 | D:7      | Killed Maggie
  7031 | D:7      | Reached skill level 1 in Stealth
  7382 | D:7      | Noticed mistmaker's ghost (novice TeAE)
  7404 | D:7      | Noticed Pikel
  7424 | D:7      | Killed Pikel
  7425 | D:7      | Reached skill level 10 in Long Blades
  7773 | D:8      | Paralysed by a hornet for 1 turns
  8258 | D:8      | Noticed a cyclops
  8272 | D:8      | Reached skill level 11 in Long Blades
  8272 | D:8      | Reached XP level 10. HP: 66/86 MP: 9/9
  8280 | D:8      | Killed a cyclops
  9129 | D:8      | Found a staircase to the Lair.
  9483 | D:9      | Found a staircase to the Orcish Mines.
  9756 | D:9      | Reached skill level 10 in Armour
 10009 | D:9      | Noticed a two-headed ogre
 10017 | D:9      | Killed a two-headed ogre
 10153 | D:9      | Found a blossoming altar of Fedhas.
 10279 | D:9      | Found a glowing golden altar of the Shining One.
 10293 | D:9      | Found a hide-covered altar of Uskayaw.
 10417 | D:9      | Found a broken altar of Ashenzari.
 10517 | D:10     | Entered Level 10 of the Dungeon
 10686 | D:10     | Reached skill level 12 in Long Blades
 11129 | D:10     | Reached XP level 11. HP: 65/97 MP: 10/10
 11692 | D:9      | Found a burning altar of Makhleb.
 11692 | D:9      | Found a sacrificial altar of Ru.
 11713 | D:11     | Found a transporter.
 11720 | D:11     | Noticed a two-headed ogre
 11720 | D:11     | Noticed a two-headed ogre
 11720 | D:11     | Identified the +1 great mace "Agret" {vorpal, Str+6 Dex+3}
 11720 | D:11     | Noticed a two-headed ogre
 11720 | D:11     | Noticed dangdung's ghost (journeyman OpTm)
 11723 | D:11     | Noticed a two-headed ogre
 11727 | D:11     | Found a transporter.
 12002 | D:11     | Noticed an eight-headed hydra
 12346 | D:12     | Noticed Urug
 12362 | D:12     | Killed Urug
 12363 | D:12     | Reached skill level 13 in Long Blades
 12798 | D:12     | Noticed a two-headed ogre
 12825 | D:12     | Killed a two-headed ogre
 12847 | D:12     | Reached skill level 10 in Shields
 13012 | D:12     | Noticed a two-headed ogre
 13036 | D:12     | Killed a two-headed ogre
 13037 | D:12     | Reached skill level 1 in Evocations
 13311 | D:12     | Noticed Frances
 13312 | D:12     | Noticed Maurice
 13743 | Orc:1    | Entered Level 1 of the Orcish Mines
 13743 | Orc:1    | Noticed an orc knight
 14593 | D:7      | Reached skill level 10 in Fighting
 14619 | D:7      | Killed mistmaker's ghost
 14733 | D:7      | Killed a cyan ugly thing
 14842 | Lair:1   | Entered Level 1 of the Lair of Beasts
 15111 | Lair:1   | Reached skill level 14 in Long Blades
 15378 | Lair:1   | Reached XP level 12. HP: 64/106 MP: 11/11
 15651 | Lair:1   | Noticed Gastronok
 15682 | Lair:1   | Killed Gastronok
 17125 | Lair:2   | Noticed a six-headed hydra
 17129 | Lair:2   | Noticed an eight-headed hydra
 18126 | D:11     | Killed an eight-headed hydra
 19213 | D:12     | Reached skill level 15 in Long Blades
 19325 | D:12     | Killed Maurice
 19804 | D:13     | Noticed a boulder beetle
 19804 | D:13     | Noticed a seven-headed hydra
 20069 | Lair:3   | Reached XP level 13. HP: 104/117 MP: 12/12
 20306 | Lair:3   | Reached skill level 1 in Maces & Flails
 21336 | Lair:4   | Found a staircase to the Snake Pit.
 22954 | D:9      | Reached skill level 15 in Armour
 23112 | Orc:1    | Noticed Josephine
 23151 | D:9      | Killed Josephine
 23311 | Orc:1    | Noticed Erolcha
 23581 | D:9      | Killed Erolcha
 24293 | Orc:2    | Entered Level 2 of the Orcish Mines
 24293 | Orc:2    | Found a staircase to the Elven Halls.
 25592 | Orc:2    | Gained mutation: You sometimes lose the ability to read
                  | scrolls when taking damage. [a neqoxec]
 25683 | Orc:2    | Reached skill level 16 in Long Blades
 26208 | Orc:2    | Noticed Donald
 26225 | Orc:2    | Slain by Donald

Illustrated notes

Levels and vault maps discovered:
D:1:      sevenhm_arrival_forest_fort_large_4, layout_rooms, serial_shops,
          nicolae_shop_advertising_works [nicolae_subvault_shop_adworks],
          minmay_bisected
D:2:      layout_loops_ring
D:3:      layout_loops_ring, gammafunk_temple_overflow_claw,
          uniq_crazy_yiuf_cottage
D:4:      layout_basic
D:5:      layout_cave_pods, serial_shops, shop, guppyfry_shop_venom
D:6:      layout_rooms, minmay_temple_entry_wispy, chequers_ossuary_entry_cave
D:7:      layout_basic, gammafunk_ghost_abyssal_escape, uniq_pikel, uniq_maggie
D:8:      layout_gridville, grunt_lair_entry_orc_guard_hut,
          minmay_misc_feat_room, minivault_27, nicolae_lava_and_water,
          supply_closet_lemuel
D:9:      layout_cave_pools, mainiacjoe_overflow_24_doors,
          cheibrodos_ashenzari_chains, nicolae_overflow_hidden_temple,
          orc_0_dummy
D:10:     layout_basic
D:11:     layout_rooms, gammafunk_ghost_smash, serial_bayou,
          serial_bayou_crossing, serial_bayou_shore_b, serial_bayou_pond_a,
          serial_bayou_ford_a, serial_bayou_lagoon_b, serial_bayou_lagoon_a,
          elves_outpost_lemuel
D:12:     layout_basic, uniq_maurice, uniq_urug, uniq_frances
D:13:     kennysheep_windowed_halls, layout_rooms, serial_shops, shop
Lair:1:   layout_cellular_growth, beast_lair_carwin_10, serial_bayou_shore_b,
          uniq_gastronok
Lair:2:   layout_regular_city, palyth_hydra_swamp_entry,
          eino_small_chamber_without_monster, kennysheep_rathole
Lair:3:   layout_roguey, grunt_megastairs_4
Lair:4:   layout_loops_ring, guppyfry_snake_entry_island
Orc:1:    layout_caves, uniq_josephine, uniq_erolcha
Orc:2:    st_orc_mages, layout_caves, lemuel_statue_altar,
          nicolae_orc_tapped_out, uniq_donald

Skill      XL: |  1  2  3  4  5  6  7  8  9 10 11 12 13 |
---------------+----------------------------------------+-----
Fighting       | 4 5 6 7 9 10 11 13 | 13.5
Armour         | 4 5 6 8 9 10 12 14 15 | 15.4
Shields        | 4 5 6 8 9 10 11 13 | 13.2
Dodging        | 1 2 3 |  3.9
Long Blades    | 3 4 5 7 9 11 12 14 15 16 | 16.0
Stealth        | 1 2 |  2.8
Evocations     | 1 |  1.6
Maces & Flails | 2 |  2.0

Action                   |  1- 3 |  4- 6 |  7- 9 | 10-12 | 13-15 || total
-------------------------+-------+-------+-------+-------+-------++-------
Melee: Long sword        |    76 |    45 |       |       |       ||   121
       Headbutt          |    12 |    23 |    54 |   170 |   151 ||   410
       Falchion          |       |    79 |   295 |   722 |   595 ||  1691
       Whip              |       |       |       |    20 |     7 ||    27
Evoke: Wand              |       |       |       |    17 |       ||    17
  Use: Scroll            |       |     4 |     4 |    20 |     1 ||    29
       Potion            |       |       |     2 |     4 |       ||     6
Armor: Scale mail        |    21 |       |       |       |       ||    21
       Chain mail        |    13 |    54 |       |       |    49 ||   116
       Plate armour      |       |    12 |   196 |   468 |   162 ||   838
Dodge: Dodged            |    42 |    40 |   110 |   259 |   143 ||   594
Block: Buckler           |    29 |    27 |    89 |   251 |   197 ||   593
